 Seeded DCSS version 0.29-a0-2-g12fcac58f8 (webtiles) character file.

Game seed: 20220126 (custom seed)

43848 muata the Tortoise (level 13, -12/122 HPs)
             Began as a Minotaur Berserker on Jan 26, 2022.
             Was a High Priest of Trog.
             Shot with a bolt by a yaktaur (17 damage)
             ... on level 15 of the Dungeon.
             The game lasted 01:03:17 (14996 turns).

muata the Tortoise (Minotaur Berserker)            Turns: 14996, Time: 01:03:18

Health: -12/122    AC: 24    Str: 27    XL:     13   Next: 93%
Magic:  0/12       EV: 18    Int:  4    God:    Trog [*****.]
Gold:   1140       SH:  0    Dex: 14    Spells: 12/12 levels left

rFire   . . .      SeeInvis .   R - +5 great sword (flame)
rCold   . . .      Faith    .   (shield currently unavailable)
rNeg    . . .      Spirit   +   E - +0 storm dragon scales
rPois   .          Reflect  .   (helmet restricted)
rElec   +          Harm     .   z - +0 cloak
rCorr   .          Rampage  .   r - +2 pair of gloves
Will    .....                   e - +0 pair of boots
Stlth   ..........              x - amulet "Zusyb" {Spirit Fragile Regen+ Dex+4}
HPRegen 1.10/turn               m - +4 ring of evasion
MPRegen 0.13/turn               c - +4 ring of evasion

@: on berserk cooldown, slowed, very slow
A: horns 2, retaliatory headbutt
a: Renounce Religion, Berserk, Trog's Hand, Brothers in Arms


You were on level 15 of the Dungeon.
You worshipped Trog.
Trog was extremely pleased with you.
You visited 1 branch of the dungeon, and saw 15 of its levels.
You also visited: Bailey.

You collected 1140 gold pieces.

Inventory:

Hand Weapons
 s - the +10 falchion "Sarcophage" {speed, rC+ Int+6 Dex-4}
   (You took it off a kobold brigand on level 6 of the Dungeon)

   Attacks with this weapon are significantly faster.
   Int:       It affects your intelligence (+6).
   Dex:       It affects your dexterity (-4).
   rC:        It protects you from cold.
 w - a +9 executioner's axe
 R - a +5 great sword of flaming (weapon)
Missiles
 j - 17 boomerangs
 o - 44 poisoned darts (quivered)
 D - 12 curare-tipped darts
Armour
 e - a +0 pair of boots (worn)
 r - a +2 pair of gloves (worn)
 z - a +0 cloak (worn)
 E - +0 storm dragon scales (worn)
 J - a +0 buckler
Jewellery
 c - a +4 ring of evasion (right hand)
 f - a ring of ice
 m - a +4 ring of evasion (left hand)
 x - the amulet "Zusyb" (around neck) {Spirit Fragile Regen+ Dex+4}
   (You found it on level 7 of the Dungeon)

   [amulet of guardian spirit]

   It causes incoming damage to be divided between your reserves of health and
   magic.
   Dex:       It affects your dexterity (+4).
   Regen:     It increases your rate of health regeneration.
   Fragile:   It will be destroyed if unequipped.
 M - a ring of see invisible
 O - a ring of resist corrosion
 S - a ring of fire
Wands
 l - a wand of charming (4)
 t - a wand of flame (51)
 y - a wand of digging (6)
 B - a wand of polymorph (8)
 I - a wand of acid (4)
 L - a wand of iceblast (6)
Scrolls
 a - 3 scrolls of magic mapping
 b - 7 scrolls of fear
 k - 3 scrolls of fog
 v - a scroll of enchant weapon
 F - 3 scrolls of immolation
 H - a scroll of silence
 P - a scroll of brand weapon
Potions
 d - 4 potions of attraction
 g - 5 potions of heal wounds
 i - 14 potions of curing
 n - 7 potions of mutation
 p - 4 potions of lignification
 q - 5 potions of flight
 u - 4 potions of cancellation
 N - 2 potions of berserk rage
 Q - a potion of haste


   Skills:
 + Level 13.2 Fighting
 - Level 15.5 Long Blades
 - Level 10.2 Axes
 + Level 16.0 Armour
 - Level 2.1 Dodging
 - Level 8.0 Evocations


You had 12 spell levels left.
You didn't know any spells.
Your spell library was empty.

Dungeon Overview and Level Annotations

Branches:
Dungeon (15/15)            Temple (0/1) D:7            Lair (0/6) D:8
    Orc (0/2) D:10         Vaults (0/5) D:13         Depths (0/4) D:15
 Bailey (visited)

Altars:
Ashenzari
Elyvilon
Hepliaklqana
Okawaru
Sif Muna
Trog
Xom
The Shining One

Shops:
D:5 :   D:8 [   D:13 ?

Annotations:
D:8 2 transporters, iamoutofideas's ghost, novice DjFE


Innate Abilities, Weirdness & Mutations

You have a pair of horns on your head.
You reflexively headbutt those who attack you in melee.


Message History

You are exhausted.
You feel yourself slow down.
The yaktaur shoots a bolt.
The bolt barely misses you.
The yaktaur shoots a bolt.
The bolt closely misses you.
The yaktaur shoots a bolt.
The bolt hits you but does no damage.
The yaktaur shoots a bolt.
The bolt hits you but does no damage.
The yaktaur shoots a bolt.
The bolt hits you. The death drake breathes miasma at you.
The yaktaur shoots a bolt.
The bolt closely misses you.
The yaktaur shoots a bolt.
The bolt hits you but does no damage. The death drake breathes miasma at you.
The foul vapour misses you.
The yaktaur shoots a bolt.
The bolt hits you!
You are engulfed in dark miasma.
You are poisoned.
You feel extremely sick.
A tengu warrior comes into view.
It is wielding a +1 broad axe and wearing a +0 buckler of reflection.
The yaktaur shoots a bolt.
The bolt hits you but does no damage.
The tengu warrior moves out of view.
As you read the scroll of fog, it crumbles to dust.
The scroll dissolves into smoke.
You feel extremely sick.
The death drake changes into a redback!
The yaktaur shoots a bolt.
The bolt closely misses you.
The yaktaur shoots a bolt.
The bolt hits you but does no damage.
You feel very sick.
You feel very sick.
You feel very sick.
You miss the redback.
The redback is almost dead.
You feel sick.
The redback dies!
You feel sick.
The yaktaur wields a +0 arbalest.
The yaktaur shoots a bolt.
The bolt misses you.
You feel sick.
The yaktaur shoots a bolt.
The bolt completely misses you.
You feel sick.
You are no longer poisoned.
The yaktaur shoots a bolt.
The bolt hits you!!
* * * LOW HITPOINT WARNING * * *
The yaktaur shoots a bolt.
The bolt hits you!!
You die...

♣. .P ♣≈≈♣♣ .♣♣♣ ≈≈≈P
######################.♣P♣ ♣≈≈≈
........................♣♣ ♣♣≈≈≈
...........§§§§..........♣ ♣♣P≈≈≈
..........§§§.§..........♣♣♣..≈≈≈
.........§§§§...@.<.......♣..♣≈≈≈
....c.cs°§§c§c§..................
..°.c....§§c§§............)......
..........§§§........(..........(
#c######.#############.........##
#.# #..#### #.........#


#cc .......# #....(....# ##. .........## #.........# . ≈≈≈≈#§≈≈≈..# #......)..#
You could see 2 yaktaurs.

Vanquished Creatures
  Frances (D:13)
  4 boulder beetles
  6 vault guards
  2 hydras
  5 two-headed ogres
  A catoblepas (D:14)
  2 centaur warriors
  2 death knights
  3 tengu warriors
  Urug (D:13)
  A deep troll (shapeshifter) (D:13)
  2 deep elf pyromancers
  10 ugly things
  4 cyclopes
  A necromancer (D:9)
  A manticore (D:15)
  Maurice (D:13)
  A guardian serpent (shapeshifter) (D:15)
  A centaur zombie (D:10)
  2 unseen horrors
  An efreet (D:12)
  4 freezing wraiths (D:14)
  A meliai (shapeshifter) (D:14)
  A queen bee (shapeshifter) (D:15)
  3 trolls
  3 hornets
  Prince Ribbit (Bailey)
  7 slime creatures
  5 wraiths
  3 water elementals (D:14)
  A wyvern (D:11)
  A centaur simulacrum (D:15)
  A shadow (D:12)
  A basilisk (D:13)
  3 yaks (D:10)
  14 humans
  12 vampire mosquitoes
  2 fire elementals (D:13)
  2 steam dragons
  5 water moccasins
  A hell hound (D:13)
  4 ice beasts
  2 sky beasts
  5 orc warriors
  3 necrophages
  3 ogres (D:5)
  10 centaurs
  3 kobold brigands
  8 bullfrogs
  2 scorpions
  8 killer bees (D:8)
  7 howler monkeys
  2 electric eels (D:14)
  2 bullfrog skeletons (D:5)
  8 orc priests
  A bullfrog zombie (D:4)
  2 centaur skeletons
  A hound (D:5)
  9 orc wizards
  7 iguanas
  Natasha (twice) (D:2)
  3 yak simulacra (D:9)
  A polar bear simulacrum (D:9)
  A killer bee zombie (D:8)
  4 wolf simulacra (D:9)
  A howler monkey zombie (D:9)
  4 gnolls
  4 adders
  2 shadow imps (D:6)
  A white imp (D:8)
  3 ufetubi
  A dart slug (D:2)
  38 orcs
  5 endoplasms
  6 giant cockroaches
  10 goblins
  9 hobgoblins
  7 jackals
  2 quokkas (D:3)
  11 ball pythons
  5 bats
  4 frilled lizards
  A hobgoblin zombie (D:6)
  23 kobolds
  4 kobold skeletons (D:6)
  4 kobold zombies (D:6)
  5 rats
  3 river rat simulacra (D:9)
374 creatures vanquished.

Vanquished Creatures (collateral kills)
  Azrael (D:13)
  A boulder beetle (D:12)
  A kobold demonologist (D:9)
  2 fire elementals (D:13)
  A hell hound (D:13)
  2 kobold brigands (D:9)
  A howler monkey (D:9)
  A goblin (D:9)
  A kobold (D:9)
11 creatures vanquished.

Vanquished Creatures (others)
  A manticore (D:13)
  A human (D:13)
  A redback (shapeshifter) (D:15)
  An orc wizard (D:7)
  A plant (D:9)
5 creatures vanquished.

Grand Total: 390 creatures vanquished

Notes
Turn   | Place    | Note
-------+----------+-------------------------------------------
     0 | D:1      | muata the Minotaur Berserker began the quest for the Orb.
     0 | D:1      | Reached XP level 1. HP: 19/19 MP: 0/0
   350 | D:1      | Reached XP level 2. HP: 27/27 MP: 1/1
  1230 | D:2      | Reached XP level 3. HP: 27/34 MP: 2/2
  1687 | D:2      | Found a faded altar of an unknown god.
  1708 | D:2      | Noticed Natasha
  1714 | D:2      | Killed Natasha
  1714 | D:2      | Reached ** piety under Trog
  1715 | D:2      | Reached skill level 5 in Fighting
  1715 | D:2      | Reached skill level 5 in Axes
  1715 | D:2      | Reached XP level 4. HP: 39/42 MP: 3/3
  1809 | D:2      | Noticed Natasha
  1841 | D:2      | Killed Natasha
  2438 | D:3      | Reached XP level 5. HP: 48/48 MP: 4/4
  2601 | D:3      | Found a broken altar of Ashenzari.
  2601 | D:3      | Found a white marble altar of Elyvilon.
  3051 | D:4      | Noticed a sky beast
  3062 | D:4      | Killed a sky beast
  3063 | D:4      | Reached XP level 6. HP: 57/58 MP: 5/5
  3979 | D:5      | Entered Level 5 of the Dungeon
  3985 | D:5      | Reached XP level 7. HP: 65/66 MP: 6/6
  4403 | D:5      | Reached *** piety under Trog
  4490 | D:5      | Noticed a vampire mosquito
  4492 | D:5      | Noticed a vampire mosquito
  4513 | D:5      | Killed a vampire mosquito
  4516 | D:5      | Killed a vampire mosquito
  4517 | D:5      | Reached XP level 8. HP: 77/77 MP: 7/7
  4912 | D:5      | Found Mumir's Book Shop.
  5596 | D:6      | Reached skill level 10 in Fighting
  5596 | D:6      | Reached skill level 10 in Axes
  5763 | D:6      | Identified the +10 falchion "Sarcophage" {speed, rC+ Int+6
                  | Dex-4}
  5771 | D:6      | Reached skill level 3 in Armour
  5875 | D:6      | Found an iron altar of Okawaru.
  5881 | D:6      | Reached skill level 4 in Armour
  5892 | D:6      | Reached skill level 5 in Armour
  5892 | D:6      | Reached XP level 9. HP: 84/85 MP: 8/8
  6107 | D:6      | Found a glowing golden altar of the Shining One.
  6211 | D:6      | Reached skill level 6 in Armour
  6215 | D:6      | Reached **** piety under Trog
  6290 | D:7      | Found a staircase to the Ecumenical Temple.
  6345 | D:7      | Reached skill level 7 in Armour
  6432 | D:7      | Reached skill level 8 in Armour
  6498 | D:7      | Identified the amulet "Zusyb" {Spirit Fragile Regen+ Dex+4}
  6691 | D:7      | Noticed a two-headed ogre
  6696 | D:7      | Reached skill level 9 in Armour
  6701 | D:7      | Killed a two-headed ogre
  6702 | D:7      | Reached skill level 10 in Armour
  7133 | D:8      | Found Xoakyeq's Armour Shoppe.
  7164 | D:8      | Reached skill level 11 in Armour
  7169 | D:8      | Reached XP level 10. HP: 71/93 MP: 9/9
  7173 | D:8      | Found a transporter.
  7175 | D:8      | Found a transporter.
  7309 | D:8      | Noticed iamoutofideas's ghost (novice DjFE)
  7368 | D:8      | Found a shimmering altar of Xom.
  7370 | D:8      | Found a hazy altar of Hepliaklqana.
  7431 | D:8      | Reached skill level 1 in Long Blades
  7456 | D:8      | Found a staircase to the Lair.
  8076 | D:9      | Found a flagged portal.
  8083 | D:9      | Reached skill level 5 in Long Blades
  8163 | Bailey   | Entered a bailey
  8303 | Bailey   | Noticed Prince Ribbit
  8303 | Bailey   | Noticed a vault guard
  8308 | Bailey   | Killed Prince Ribbit
  8314 | Bailey   | Killed a vault guard
  8353 | Bailey   | Noticed a vault guard
  8368 | Bailey   | Killed a vault guard
  8369 | Bailey   | Reached skill level 10 in Long Blades
  8455 | Bailey   | Reached XP level 11. HP: 98/99 MP: 10/10
  8528 | D:9      | Found a shimmering blue altar of Sif Muna.
  8829 | D:9      | Noticed a two-headed ogre
  8836 | D:9      | Killed a two-headed ogre
  8877 | D:9      | Reached ***** piety under Trog
  8921 | D:9      | Noticed a necromancer
  8937 | D:9      | Killed a necromancer
  9342 | D:10     | Entered Level 10 of the Dungeon
  9475 | D:10     | Found a bloodstained altar of Trog.
  9584 | D:10     | Found a staircase to the Orcish Mines.
 10540 | D:11     | Noticed a two-headed ogre
 10546 | D:11     | Killed a two-headed ogre
 10686 | D:12     | Noticed a boulder beetle
 10704 | D:12     | Killed a boulder beetle
 10705 | D:12     | Reached skill level 15 in Long Blades
 10743 | D:12     | Noticed a two-headed ogre
 10766 | D:12     | Killed a two-headed ogre
 10790 | D:12     | Noticed a boulder beetle
 10807 | D:12     | Killed a boulder beetle
 10808 | D:12     | Reached XP level 12. HP: 107/107 MP: 9/11
 11003 | D:12     | Noticed a boulder beetle
 11022 | D:12     | Killed a boulder beetle
 11349 | D:12     | Noticed a boulder beetle
 11361 | D:12     | Killed a boulder beetle
 11921 | D:13     | Reached skill level 12 in Armour
 11992 | D:13     | Noticed Maurice
 11998 | D:13     | Killed Maurice
 12083 | D:13     | Noticed a tengu warrior
 12083 | D:13     | Noticed a tengu warrior
 12269 | D:13     | Noticed a two-headed ogre
 12277 | D:13     | Killed a two-headed ogre
 12358 | D:13     | Noticed Urug
 12375 | D:13     | Killed Urug
 12472 | D:13     | Found Kila's Magic Scroll Emporium.
 12495 | D:13     | Noticed a four-headed hydra
 12503 | D:13     | Killed a six-headed hydra
 12504 | D:13     | Reached skill level 13 in Armour
 12523 | D:13     | Noticed a vault guard
 12523 | D:13     | Noticed a vault guard
 12523 | D:13     | Noticed a vault guard
 12523 | D:13     | Noticed a vault guard
 12533 | D:13     | Killed a vault guard
 12542 | D:13     | Killed a vault guard
 12599 | D:13     | Killed a vault guard
 12600 | D:13     | Reached skill level 14 in Armour
 12609 | D:13     | Killed a vault guard
 12730 | D:13     | Noticed Azrael
 12742 | D:13     | Killed Azrael
 12753 | D:13     | Reached skill level 15 in Armour
 12942 | D:13     | Found a gate to the Vaults.
 13005 | D:13     | Noticed Frances
 13022 | D:13     | Killed Frances
 13023 | D:13     | Reached XP level 13. HP: 84/118 MP: 6/12
 13507 | D:13     | Reached skill level 5 in Evocations
 14288 | D:14     | Received a gift from Trog
 14551 | D:15     | Entered Level 15 of the Dungeon
 14922 | D:15     | Found a staircase to the Depths.
 14922 | D:15     | Noticed a stone giant
 14940 | D:15     | Reached skill level 16 in Armour
 14996 | D:15     | HP: 5/122 [yaktaur/bolt (19)]
 14996 | D:15     | Shot with a bolt by a yaktaur

Illustrated notes

Levels and vault maps discovered:
D:1:      wander_arrival_desolate, layout_basic, minmay_misc_feat_secret_circle
D:2:      layout_loops_ring, chequers_ecumenical_altar_simple_redux,
          uniq_natasha
D:3:      layout_loops_ring, mainiacjoe_overflow_large_starburst, st_stairs_13,
          minmay_misc_feat_tiny, skrybe_limestone_x,
          chequers_serial_rivers_large_a
D:4:      layout_loops_ring, corner_web_ring
D:5:      layout_basic, serial_shops, shop_statue,
          nicolae_concentric_dashed_squares_wild
D:6:      layout_rooms, okawaru_ov_weapons_minmay, nicolae_tso_besieged_by_evil
D:7:      layout_rooms, minmay_temple_entry_glassed_door
D:8:      layout_loops_ring, regret_index_temple_of_mockery, lair_entry_dummy,
          serial_shops, shop, gammafunk_ghost_hive, abandoned_shop,
          dk_vineyard_3
D:9:      layout_basic, nicolae_overflow_hidden_temple, enter_bailey_3,
          st_stairs_3, eino_house_with_fridge
D:10:     layout_roguey, lemuel_round_altar, orc_0_dummy, serial_curves,
          eino_curves_01, eino_curves_03, eino_curves_03, eino_curves_03
D:11:     layout_roguey
D:12:     layout_gridville, drop_trap, minmay_orc_keep
D:13:     layout_irregular_city, ximxim_vaults_locker_room, serial_shops,
          shop_scrolls, uniq_frances, uniq_azrael, uniq_urug, uniq_maurice
D:14:     layout_basic, serial_park_fountain
D:15:     grunt_enter_depths_giant_problem, layout_cross, wad_woods_river_04

Skill      XL: |  1  2  3  4  5  6  7  8  9 10 11 12 13 |
---------------+----------------------------------------+-----
Fighting       | 4 5 6 7 8 10 12 13 | 13.2
Axes           | 4 5 6 7 8 10 | 10.2
Armour         | 5 11 15 16 | 16.0
Long Blades    | 10 15 | 15.5
Evocations     | 2 8 |  8.0
Dodging        | |  2.1

Action                   |  1- 3 |  4- 6 |  7- 9 | 10-12 | 13-15 || total
-------------------------+-------+-------+-------+-------+-------++-------
Melee: Hand axe          |    74 |    81 |       |       |       ||   155
       Headbutt          |     5 |    19 |    40 |   106 |    62 ||   232
       Scimitar          |       |    23 |   114 |     5 |       ||   142
       Falchion          |       |       |   103 |   502 |   233 ||   838
       Punch             |       |       |       |    10 |     4 ||    14
       Great sword       |       |       |       |       |    36 ||    36
Throw: Boomerang         |       |       |       |    11 |       ||    11
       Dart              |       |       |       |     6 |       ||     6
Invok: Berserk           |       |     3 |     7 |    15 |     7 ||    32
       Trog's Hand       |       |       |       |     5 |       ||     5
       Brothers in Arms  |       |       |       |     2 |       ||     2
  Use: Scroll            |       |     1 |       |    20 |     8 ||    29
 Stab: Distracted        |       |       |       |     1 |       ||     1
Armor: Animal skin       |     8 |       |       |       |       ||     8
       Scale mail        |       |    48 |    57 |     4 |       ||   109
       Storm dragon scal |       |       |       |   159 |   113 ||   272
Dodge: Dodged            |    49 |    42 |   148 |   244 |   170 ||   653
Block: Other             |       |    14 |    58 |       |       ||    72
       Reflection        |       |     1 |     1 |       |       ||     2

Table legend: (Time is in decaauts)
 A = Elapsed time spent in this place.
 B = Non-inter-level travel time spent in this place.
 C = Inter-level travel time spent in this place.
 D = Time resting spent in this place.
 E = Time spent auto-exploring this place.
 F = Levels seen in this place.
 G = Mean time per level.
                   A        B        C        D        E       F      G
               +--------+--------+--------+--------+--------+-----+--------+
         Total |  14952 |  13984 |    968 |   1971 |   8390 |  16 |  934.5 |
       Dungeon |  14666 |  13698 |    968 |   1935 |   8323 |  15 |  977.7 |
        Bailey |    286 |    286 |      0 |     36 |     67 |   1 |  286.0 |
               +--------+--------+--------+--------+--------+-----+--------+

Top non-repeatable levels by time:
     D:5: 1666 daAuts
    D:13: 1481 daAuts
    D:12: 1406 daAuts
     D:4: 1156 daAuts
     D:2: 1101 daAuts
    D:14: 1085 daAuts
     D:1: 1078 daAuts
     D:9: 1014 daAuts
     D:8: 985 daAuts
     D:7: 743 daAuts
    D:10: 735 daAuts
     D:6: 719 daAuts
     D:3: 689 daAuts
    D:11: 559 daAuts
  Bailey: 286 daAuts
